 Dungeon Crawl Stone Soup version 0.30-a0-629-gd54f4be4f7 (webtiles) character file.

Game seed: 9451196616270165217

34 kae the Insei (level 3, -2/26 HPs)
             Began as a Demonspawn Transmuter on Jan 12, 2023.
             Slain by a hobgoblin (3 damage)
             ... on level 2 of the Dungeon.
             The game lasted 00:02:22 (1304 turns).

kae the Insei (Demonspawn Transmuter)               Turns: 1304, Time: 00:02:22

Health: -2/26      AC:  2    Str: 14    XL:     3   Next: 14%
Magic:  3/6        EV: 12    Int: 15    God:
Gold:   90         SH:  0    Dex: 12    Spells: 0/6 levels left

rFire   . . .      SeeInvis +      - Unarmed
rCold   + . .      Faith    .    (no shield)
rNeg    . . .      Spirit   .    a - +0 robe
rPois   .          Reflect  .    (no helmet)
rElec   .          Harm     .    (no cloak)
rCorr   .          Rampage  .    (no gloves)
Will    .....                    (no boots)
Stlth   +                        (no amulet)
HPRegen 0.24/turn                (no ring)
MPRegen 0.10/turn                (no ring)

@: no status effects
A: ignite blood 1, see invisible, cold resistance 1, strong 1
a: no special abilities


You were on level 2 of the Dungeon.
You visited 1 branch of the dungeon, and saw 2 of its levels.

You collected 90 gold pieces.


Innate Abilities, Weirdness & Mutations

Your demonic aura sometimes causes spilled blood to erupt in flames.
You have supernaturally acute eyesight. (SInv)
Your flesh is cold resistant. (rC+)
Your muscles are strong. (Str +4, Int/Dex -1)


   Skills:
 - Level 1.0 Fighting
 - Level 1.7 Dodging
 + Level 3.0 Unarmed Combat
 + Level 2.3 Spellcasting
 * Level 2.6 Transmutations
 * Level 0.1 Poison Magic


You couldn't memorise any spells.
You knew the following spells:

 Your Spells              Type           Power      Damage    Failure   Level
a - Beastly Appendage     Tmut           18%        N/A       7%          1
b - Wereblood             Tmut           9%         N/A       11%         2
c - Spider Form           Tmut/Pois      6%         N/A       34%         3

Your spell library contained the following spells:

 Spells                   Type           Power      Damage    Failure   Level
 Passwall                 Tmut/Erth      4%         N/A       19%         2
 Ensorcelled Hibernation  Hex/Ice        2%         N/A       32%         2
 Swiftness                Air            1%         N/A       54%         3
 Ice Form                 Ice/Tmut       5%         N/A       77%         4

Inventory:

Missiles
 c - 11 stones
Armour
 a - a +0 robe (worn)
Jewellery
 F - a ring of fire
   (You found it on level 1 of the Dungeon)
Scrolls
 d - a scroll of immolation {!r!r}
 e - a scroll of identify {@r1}
 g - a scroll of poison {unknown}
 h - 2 scrolls of amnesia {unknown}
Potions
 f - a potion of lignification {!q}
 i - a potion of mutation {!q}

Dungeon Overview and Level Annotations

Branches:
Dungeon (2/15) Zot: 10698

Altars:

Annotations:
D:2 Robin

### #.# ..# #.# #.#
#.# #.# #.# #.# #.#
########†# #.#
.........# #####.####
######..#####.........
#gg@....##...######.
#g#####.[.....#####.
..g#####.#
#.##.......... .
#g.g.gg#
#......######.
.w.w#####w# #.###..#
#. #gw..g.#####.# #..#
#. ....#g###.......#
#..# #. . #( #########
#..# #. .. #..# #.


You could see 2 hobgoblins and a goblin.


Message History

Your blood is infused with primal strength.
A quokka comes into view.
A goblin comes into view.
It is wielding a +0 dagger of electrocution.
Robin throws the goblin at you!
The quokka moves out of view.
The hobgoblin hits you.
The goblin closely misses you. 😕 HP[-5] MP[-2]
You take 5 damage, and now have 21/26 hp.
You lost 2 mp, and now have 2/6 mp.
You closely miss the goblin. Your kick misses the goblin.
A goblin comes into view. It is wielding a +0 club.
The hobgoblin hits you.
Robin points. "Kill!"
The goblin hits you but does no damage.
You are electrocuted!
* * * LOW HITPOINT WARNING * * *
😨 HP[-10]
You take 10 damage, and now have 11/26 hp.
MASSIVE DAMAGE!! (PAUSE)
You barely miss the goblin. The hobgoblin hits you.
* * * LOW HITPOINT WARNING * * *
A goblin comes into view. It is wielding a +0 club.
Robin roars a battlecry!
The goblins go into a battle-frenzy!
The goblin barely misses you.
You hear a shout! x2
Your magical contamination has completely faded away. 😨 HP[-2]
You take 2 damage, and now have 9/26 hp.
You hit the goblin. You claw the goblin. You headbutt the goblin.
You feel a bit better.
You kill the goblin!
You howl as the wereblood boils in your veins!
A hobgoblin comes into view.
The hobgoblin closely misses you. 😨 HP[+2]
You regained 2 hp, and now have 11/26 hp.
Unknown command.
You see here a +0 dagger of electrocution.
Okay, then.
You barely miss the hobgoblin. Your kick misses the hobgoblin.
Your transformation is almost over.
The hobgoblin hits you but does no damage. 😨 MP[+1]
You closely miss the hobgoblin. Your headbutt misses the hobgoblin.
The hobgoblin barely misses you. Robin throws the goblin at you!
* * * LOW HITPOINT WARNING * * *
😨 HP[-3]
You take 3 damage, and now have 8/26 hp.
You hit the hobgoblin.
You howl as the wereblood boils in your veins!
A dart slug comes into view.
The hobgoblin completely misses you. The goblin closely misses you. 😨 HP[+1]
The hobgoblin attacks as you move away! The hobgoblin closely misses you.
A goblin and a hobgoblin come into view.
The goblin shouts!
The hobgoblin shouts!
A goblin comes into view. It is wielding a +0 dagger.
The hobgoblin attacks as you move away!
The hobgoblin barely misses you. 😨 HP[+1]
The hobgoblin attacks as you move away! The hobgoblin misses you.
You hit the hobgoblin but do no damage. Your kick misses the hobgoblin.
You headbutt the hobgoblin, but do no damage.
Your horns disappear.
Your talons disappear.
The hobgoblin barely misses you.
Unknown command.
You hit the hobgoblin. You closely miss the hobgoblin.
You howl as the wereblood boils in your veins!
The hobgoblin no longer looks unusually strong.
The hobgoblin hits you.
* * * LOW HITPOINT WARNING * * *
😨 HP[-3] MP[+1]
You take 3 damage, and now have 7/26 hp.
The hobgoblin attacks as you move away! The hobgoblin hits you.
* * * LOW HITPOINT WARNING * * *
😱 HP[-3]
You take 3 damage, and now have 4/26 hp.
Casting: Wereblood (safe; 10% risk of failure)
Confirm with . or Enter, or press ? or * to list all spells.
You miscast Beastly Appendage.
You are very lightly contaminated with residual magic.
Nothing appears to happen.
The hobgoblin hits you but does no damage. 😱 MP[-1]
You lost 1 mp, and now have 3/6 mp.
It was a potion of mutation.
You feel extremely strange.
You feel resistant to cold.
You feel stronger.
Your vision sharpens.
The hobgoblin hits you.
* * * LOW HITPOINT WARNING * * *
😱 HP[-3]
You take 3 damage, and now have 1/26 hp.
Unknown command.
Okay, then.
Okay, then.
Your magical effects are unravelling.
You feel magically purged.
Your magical contamination has completely faded away.
Your primal bloodlust has ended.
The hobgoblin hits you.
You die...

Skill      XL: |  1  2 |
---------------+-------+-----
Transmutations | 2 |  2.6
Unarmed Combat | 3 |  3.0
Fighting       | |  1.0
Dodging        | |  1.7
Spellcasting   | |  2.3
Poison Magic   | |  0.1

Action                   || total
-------------------------++-------
Melee: Unarmed           ||    67
       Kick              ||    14
       Headbutt          ||    11
       Punch             ||     1
 Cast: Beastly Appendage ||    20
       Wereblood         ||     1
  Use: Potion            ||     3
       Scroll            ||     1
Armor: Robe              ||    14
       Skin              ||     3
Dodge: Dodged            ||    56

Levels and vault maps discovered:
D:1:      minmay_arrival_loop, layout_rooms, serial_forest,
          infiniplex_forest_straight_2, infiniplex_forest_zigzag_1,
          infiniplex_forest_split, infiniplex_forest_fountain,
          infiniplex_forest_clump_medium, infiniplex_forest_zigzag_1,
          hellmonk_ecumenical_altar_blasted, minmay_surrounded
D:2:      layout_loops_ring, st_stairs_11, uniq_robin

Notes
Turn   | Place    | Note
-------+----------+-------------------------------------------
     0 | D:1      | kae the Demonspawn Transmuter began the quest for the Orb.
     0 | D:1      | Reached XP level 1. HP: 15/15 MP: 3/3
     0 | D:1      | magus.rc [v1.11.3]
    69 | D:1      | Reached skill level 2 in Transmutations
    73 | D:1      | HP: 2/15 [ball python (2)]
    85 | D:1      | Gained mutation: Your demonic aura sometimes causes spilled
                  | blood to erupt in flames. [demonic ancestry]
    85 | D:1      | Reached XP level 2. HP: 10/21 MP: 5/5
   140 | D:1      | Learned a level 2 spell: Wereblood
   414 | D:1      | Found a faded altar of an unknown god.
   514 | D:1      | You pick up a book of Burglary and begin reading...
   514 | D:1      | You add the spells Passwall, Ensorcelled Hibernation and
                  | Swiftness to your library.
   830 | D:2      | Reached skill level 3 in Unarmed Combat
   830 | D:2      | Reached XP level 3. HP: 15/26 MP: 4/6
   834 | D:2      | Learned a level 3 spell: Spider Form
  1281 | D:2      | Noticed Robin
  1301 | D:2      | HP: 3/26 [hobgoblin (4)]
  1303 | D:2      | Gained mutation: Your flesh is cold resistant. (rC+)
                  | [potion of mutation]
  1303 | D:2      | Gained mutation: Your muscles are strong. (Str +4, Int/Dex
                  | -1) [potion of mutation]
  1303 | D:2      | Gained mutation: You have supernaturally acute eyesight.
                  | (SInv) [potion of mutation]
  1303 | D:2      | HP: 1/26 [hobgoblin (3)]
  1304 | D:2      | Slain by a hobgoblin

Vanquished Creatures
  An adder (D:2)
  2 goblins
  3 hobgoblins (D:1)
  2 quokkas (D:1)
  7 ball pythons
  2 bats
  A frilled lizard (D:1)
  A kobold (D:1)
  10 rats
29 creatures vanquished.

Table legend:
 A = Non-vault XP
 B = Vault XP
 C = Vault XP percentage of total XP
 D = Non-vault monster count
 E = Vault monster count
 F = Vault count percentage of total count
                 A         B        C        D         E       F
            +---------+---------+-------+---------+---------+-------
      Total |      44 |       5 |  10.2 |      26 |       3 |  10.3
            +---------+---------+-------+---------+---------+-------
        D:1 |      26 |       3 |  10.3 |      21 |       2 |   8.7
        D:2 |      18 |       2 |  10.0 |       5 |       1 |  16.7
            +---------+---------+-------+---------+---------+-------

Illustrated notes

Table legend:
 A = Kills in this place as a percentage of kills in entire the game.
 B = Kills by you in this place as a percentage of kills by you in the entire game.
 C = Kills by friends in this place as a percentage of kills by friends in the entire game.
 D = Other kills in this place as a percentage of other kills in the entire game.
 E = Experience gained in this place as a percentage of experience gained in the entire game.
 F = Experience gained in this place divided by the number of levels of this place that you have seen.
                   A       B       C       D       E      F
               +-------+-------+-------+-------+-------+----------------------
         Total | 100.0 | 100.0 |   N/A |   N/A | 100.0 |  24.5
       Dungeon | 100.0 | 100.0 |   N/A |   N/A | 100.0 |  24.5
               +-------+-------+-------+-------+-------+----------------------

Table legend: (Time is in decaauts)
 A = Elapsed time spent in this place.
 B = Non-inter-level travel time spent in this place.
 C = Inter-level travel time spent in this place.
 D = Time resting spent in this place.
 E = Time spent auto-exploring this place.
 F = Levels seen in this place.
 G = Mean time per level.
                   A        B        C        D        E       F      G
               +--------+--------+--------+--------+--------+-----+--------+
         Total |   1300 |   1282 |     18 |     52 |   1018 |   2 |  650.0 |
       Dungeon |   1300 |   1282 |     18 |     52 |   1018 |   2 |  650.0 |
               +--------+--------+--------+--------+--------+-----+--------+

Top non-repeatable levels by time:
     D:1: 797 daAuts
     D:2: 502 daAuts
